 Dungeon Crawl Stone Soup version 0.24.0-123-gd5b16e6ec5 (webtiles) character file.

Game seed: 1077042683299789027, levelgen mode: deterministic

449 Peloso the Covered (level 6, -1/53 HPs)
             Began as a Minotaur Fighter on Dec 27, 2019.
             Slain by a worker ant (3 damage)
             ... on level 4 of the Dungeon.
             The game lasted 00:06:32 (2779 turns).

Peloso the Covered (Minotaur Fighter)               Turns: 2779, Time: 00:06:33

Health: -1/53      AC:  7    Str: 21    XL:     6   Next: 74%
Magic:  5/5        EV:  8    Int:  5    God:
Gold:   146        SH: 10    Dex: 11    Spells: 5/5 levels left

rFire    . . .     SeeInvis .   a - +0 long sword
rCold    . . .     Gourm    .   c - +0 shield
rNeg     . . .     Faith    .   b - +0 scale mail
rPois    .         Spirit   .   (helmet restricted)
rElec    .         Reflect  .   (no cloak)
rCorr    .         Harm     .   (no gloves)
MR       .....                  (no boots)
Stlth    ..........             (no amulet)
HPRegen  0.17/turn              (no ring)
MPRegen  0.09/turn              (no ring)

@: lethally poisoned (-1 -> -6)
A: retaliatory headbutt, horns 2
a: no special abilities


You were on level 4 of the Dungeon.
You were not hungry.

You visited 1 branch of the dungeon, and saw 4 of its levels.

You collected 146 gold pieces.

Inventory:

Hand Weapons
 a - a +0 long sword (weapon)
 g - a +3 hand axe
Armour
 b - a +0 scale mail (worn)
 c - a +0 shield (worn)
Jewellery
 m - an uncursed ring of poison resistance {unknown}
 n - a cursed ring of teleportation {unknown}
 q - an uncursed ring of protection from magic {unknown}
Scrolls
 e - a scroll of identify
 h - a scroll of remove curse {unknown}
 k - a scroll of enchant armour {unknown}
 l - a scroll of blinking {unknown}
 p - a scroll of random uselessness {unknown}
Potions
 d - a potion of might
 j - a potion of agility
Comestibles
 f - 7 rations


   Skills:
 + Level 4.6 Fighting
 + Level 5.4 Long Blades
 + Level 5.5 Armour
 + Level 2.1 Dodging
 + Level 5.2 Shields


You had 5 spell levels left.
You didn't know any spells.
Your spell library was empty.

Dungeon Overview and Level Annotations

Branches:
Dungeon (4/15)
 Temple: D:4-7

Altars:
Dithmenos
Fedhas
Qazlal
Sif Muna
Vehumet

Annotations:
D:4 exclusion: statue


Innate Abilities, Weirdness & Mutations

You reflexively headbutt those who attack you in melee.
You have a pair of horns on your head.


Message History

The hound skeleton is almost destroyed.
The worker ant barely misses you. You block the hound skeleton's attack.
You slash the hound skeleton!
You destroy the hound skeleton!
* * * LOW HITPOINT WARNING * * *
You feel sick. You block the worker ant's attack. The worker ant bites you.
* * * LOW HITPOINT WARNING * * *
The giant cockroach barely misses you.
You hit the giant cockroach.
The giant cockroach is severely wounded.
* * * LOW HITPOINT WARNING * * *
You feel sick. You block the worker ant's attack.
The giant cockroach barely misses you.
Unknown command.
Unknown command.
You hit the giant cockroach. You headbutt the giant cockroach.
You kill the giant cockroach!
* * * LOW HITPOINT WARNING * * *
You feel sick. The worker ant bites you.
You die...

........#
*≈≈≈*≈≈*≈≈≈*,,,*
........#
*≈≈≈*≈≈≈≈≈≈*,,,*
........#
**≈#*****≈******
........# *#[# ***
...###### *..* ...#
*#.#* #### *..#
############†#*
#........Oa@.#
######.......######
.............# ***
......(......# **,,
.............#
********,,*
######.......#
*,,,,,,,,** #
#.......#
*,***,,,**, #
#.......#
*,***,,**,, #
#.......#
*,**,,**,,,


You could see an ogre and a worker ant.

Vanquished Creatures
  An ice beast (D:4)
  A crimson imp (D:2)
  A gnoll shaman (D:4)
  Jessica (D:3)
  2 orc wizards
  A worker ant (D:4)
  A hound skeleton (D:4)
  4 gnolls (D:4)
  4 adders
  A shadow imp (D:3)
  An adder skeleton (D:4)
  2 worms
  2 dart slugs
  2 leopard geckos
  13 orcs
  A ball python (D:3)
  6 giant cockroaches
  8 goblins
  3 hobgoblins
  2 quokkas (D:3)
  8 bats
  9 frilled lizards
  3 kobolds
  11 rats
88 creatures vanquished.

Vanquished Creatures (others)
  A fungus (D:3)
1 creature vanquished.

Grand Total: 89 creatures vanquished

Notes
Turn   | Place    | Note
-------+----------+-------------------------------------------
     0 | D:1      | Peloso the Minotaur Fighter began the quest for the Orb.
     0 | D:1      | Reached XP level 1. HP: 19/19 MP: 0/0
   102 | D:1      | Reached XP level 2. HP: 26/27 MP: 1/1
   660 | D:2      | Reached XP level 3. HP: 15/33 MP: 2/2
  1071 | D:2      | Found a faded altar of an unknown god.
  1184 | D:2      | Reached XP level 4. HP: 31/40 MP: 3/3
  1615 | D:3      | Found a stormy altar of Qazlal.
  1618 | D:3      | Found a blossoming altar of Fedhas.
  1691 | D:3      | Reached XP level 5. HP: 39/46 MP: 4/4
  1801 | D:3      | Reached skill level 1 in Dodging
  2362 | D:3      | Noticed Jessica
  2371 | D:3      | Found a shimmering blue altar of Sif Muna.
  2380 | D:3      | Killed Jessica
  2380 | D:3      | Reached skill level 5 in Armour
  2507 | D:4      | Found a radiant altar of Vehumet.
  2509 | D:4      | Noticed a charred statue
  2525 | D:4      | Reached XP level 6. HP: 24/53 MP: 5/5
  2585 | D:4      | Found a shadowy altar of Dithmenos.
  2599 | D:4      | Reached skill level 5 in Long Blades
  2599 | D:4      | Reached skill level 5 in Shields
  2743 | D:4      | Noticed an ice beast
  2752 | D:4      | Killed an ice beast
  2779 | D:4      | HP: 2/53 [poisoned by a worker ant]
  2779 | D:4      | Slain by a worker ant

Levels and vault maps discovered:
D:1:      minmay_arrival_up_and_down, layout_loops_ring
D:2:      layout_loops_cross, chequers_ecumenical_altar_simple_redux,
          grunt_ministairs_10, chequers_decorated_corner
D:3:      layout_basic, grunt_temple_overflow_forces_of_nature, first_ration,
          tgw_sif
D:4:      layout_basic, nicolae_dithmenos_through_a_glass_darkly,
          nicolae_tso_carved_into_rock, vehumet_statue, gup_sewer_entry_bubbles,
          nemelex_spade_bored_becter

Skill      XL: |  1  2  3  4  5  6 |
---------------+-------------------+-----
Armour         | 4 5 |  5.5
Fighting       | 4 |  4.6
Long Blades    | 3 4 5 |  5.4
Shields        | 4 5 |  5.2
Dodging        | 1 2 |  2.1

Action                   |  1- 3 |  4- 6 || total
-------------------------+-------+-------++-------
Melee: Long sword        |    98 |   150 ||   248
       Headbutt          |    14 |    36 ||    50
  Use: Potion            |       |     4 ||     4
       Scroll            |       |     2 ||     2
  Eat: Chunk             |       |     6 ||     6
Armor: Scale mail        |    41 |    54 ||    95
Dodge: Dodged            |    33 |    48 ||    81
Block: Shield            |    53 |    84 ||   137
       Rpst.: Long sword |     9 |    13 ||    22
